 Dungeon Crawl Stone Soup version 0.30-a0-721-ga6a225cb13 (webtiles) character file.

Game seed: 5557026523790842042

1880 M4edhros the Martial Artist (level 9, -1/57 HPs)
             Began as an Octopode Monk on Jan 27, 2023.
             Was a High Priest of Cheibriados.
             Slain by a wyvern (12 damage)
             ... on level 7 of the Dungeon.
             The game lasted 00:13:44 (3759 turns).

M4edhros the Martial Artist (Octopode Monk)         Turns: 3759, Time: 00:13:45

Health: -1/57      AC:  5    Str: 27    XL:     9   Next: 14%
Magic:  9/9        EV: 15    Int: 22    God:    Cheibriados [*****.]
Gold:   269        SH:  0    Dex: 29    Spells: 5/8 levels left

rFire   + . .      SeeInvis .      - Unarmed
rCold   . . .      Faith    .    (no shield)
rNeg    . . .      Spirit   .    (helmet restricted)
rPois   .          Reflect  .    o - amulet of regeneration
rElec   .          Harm     .    b - ring of protection from fire
rCorr   .          Rampage  .    l - ring of willpower
Will    +....                    n - +4 ring of protection
Stlth   ++++                     A - +6 ring of strength
HPRegen 1.09/turn                (no ring)
MPRegen 0.11/turn                (no ring)
                                 (no ring)
                                 (no ring)

@: very slow
A: almost no armour, amphibious, 8 rings, camouflage 1, gelatinous body 1,
(nimble swimmer 1), tentacles, dopey 1
a: Renounce Religion, Bend Time, Temporal Distortion, Slouch, Step From Time


You were on level 7 of the Dungeon.
You worshipped Cheibriados.
Cheibriados was extremely pleased with you.
You visited 2 branches of the dungeon, and saw 8 of its levels.

You collected 1193 gold pieces.
You spent 924 gold pieces at shops.

Inventory:

Hand Weapons
 d - a +0 sling of flaming
 h - the +6 whip of Doom {pain, rF+}
   (You found it on level 4 of the Dungeon)

   rF:        It protects you from fire.
Missiles
 a - 20 poisoned darts (quivered)
 s - a throwing net
 y - 6 javelins
Magical Staves
 p - a staff of death
Jewellery
 b - a ring of protection from fire (left tentacle)
 l - a ring of willpower (right tentacle)
 n - a +4 ring of protection (on tentacle)
 o - an amulet of regeneration (around mantle)
 A - a +6 ring of strength (on tentacle)
Wands
 x - a wand of iceblast (15)
Scrolls
 f - 6 scrolls of teleportation
 g - 4 scrolls of blinking
 r - a scroll of vulnerability
 t - 3 scrolls of enchant armour
 v - a scroll of enchant weapon {unknown}
 z - a scroll of immolation
Potions
 c - 3 potions of heal wounds
 e - 2 potions of flight
 i - 2 potions of might
 j - 2 potions of attraction
 k - a potion of invisibility {unknown}
 m - 4 potions of haste
 q - a potion of degeneration {unknown}
 u - 2 potions of curing
 w - a potion of ambrosia


   Skills:
 + Level 3.3 Fighting
 - Level 3.0 Dodging
 - Level 2.6 Stealth
 - Level 10.0 Unarmed Combat
 + Level 1.2 Hexes
 - Level 6.1 Summonings


You had 5 spell levels left.
You knew the following spells:

 Your Spells              Type           Power      Damage    Failure   Level
a - Summon Guardian Gole  Hex/Summ       16%        N/A       11%         3

Your spell library contained the following spells:

 Spells                   Type           Power      Damage    Failure   Level
 Orb of Destruction       Conj           0%         9d5       100%        7
 Spellforged Servitor     Conj/Summ      6%         N/A       100%        7
 Chain Lightning          Conj/Air       0%         N/A       100%        9
 Fire Storm               Conj/Fire      0%         5d1       100%        9
 Shatter                  Erth           0%         3d5*      100%        9


Dungeon Overview and Level Annotations

Branches:
Dungeon (7/15)             Temple (1/1) D:4

Altars:
Ashenzari
Cheibriados
Elyvilon
Fedhas
Gozag
Kikubaaqudgha
Makhleb
Qazlal
Ru
Sif Muna
Uskayaw
Vehumet
Yredelemnul
Zin
The Shining One

Shops:
D:4 =:*   D:5 **

Annotations:
D:3 Grinder


Innate Abilities, Weirdness & Mutations

You cannot wear most types of armour.
You are amphibious.
You can wear up to eight rings at the same time.
Your skin changes colour to match your surroundings (Stealth+).
Your rubbery body absorbs attacks. (AC +1, EV +1)
((You are camouflaged when in or above water. (Stealth+)))
You have tentacles for arms and can constrict up to eight enemies at once.
You are dopey. (Int -2)


Message History

The quokka misses you.
You completely miss the quokka. You tentacle-slap the quokka.
You kill the quokka!
Cheibriados thoroughly appreciates the change of pace.
The rat bites you but does no damage.
You tentacle-slap the rat.
You kill the rat!
Cheibriados appreciates the change of pace.
A quokka comes into view.
A river rat comes into view.
The helpless river rat fails to defend itself.
You tentacle-slap the river rat. Your grab misses the river rat.
The river rat is moderately wounded.
The river rat bites you but does no damage.
You bludgeon the river rat!
You kill the river rat!
Cheibriados appreciates the change of pace.
You tentacle-slap the quokka. You grab the quokka. You squeeze the quokka.
You kill the quokka!
Cheibriados thoroughly appreciates the change of pace.
A hell rat comes into view.
A quokka, a wraith, 8 rats and a wyvern come into view.
The hell rat roars deafeningly!
The wyvern hisses angrily.
The rat barely misses you. The wyvern bites you!
You bludgeon the wyvern!
The wyvern is heavily wounded.
The wyvern barely misses you. The rat barely misses you.
You closely miss the wyvern. Your squeeze misses the wyvern.
The wyvern is heavily wounded.
The wyvern bites you!
The rat twitches its whiskers.
The rat bites you but does no damage. The river rat bites you.
You are too injured to fight recklessly!
You are too injured to fight recklessly!
You are too injured to fight recklessly!
The rat attacks as you move away! The rat bites you but does no damage.
The wyvern bites you!
* * * LOW HITPOINT WARNING * * *
The wyvern bites you!
You die...

###....## #.. #.......
#.. #......# #..
#...... #.. #..rr.# #
#.. #.rrrr## .# #..
#.Wrr#..# ##.# ####..
#..rl###.#..## ##.##..
##..#@.##.##.###.#....
######......##.#.###.
#..†###..#.## #.
#.#...####### #.
##.###.. .. #.# #.# ..
#. ## . . ##


You could see a wraith, a wyvern, 3 river rats, a quokka and 4 rats.

Vanquished Creatures
  A water moccasin (D:7)
  An orc warrior (D:5)
  An ogre (D:6)
  A phantom (D:5)
  A wyvern zombie (D:6)
  7 scorpions
  2 water moccasin zombies (D:6)
  A necrophage (D:6)
  A howler monkey (D:5)
  2 jellies
  A bullfrog zombie (D:6)
  A centaur zombie (D:6)
  4 crimson imps (D:6)
  3 hounds (D:5)
  2 orc priests
  4 orc wizards
  Ijyb (D:4)
  An iguana (D:5)
  A killer bee zombie (D:6)
  A howler monkey zombie (D:6)
  A river rat (D:7)
  8 adders
  2 ufetubi
  2 worms
  A dart slug (D:2)
  42 orcs
  3 ball pythons
  An endoplasm (D:3)
  A giant cockroach (D:3)
  8 goblins
  A hobgoblin (D:1)
  5 jackals
  9 kobolds
  5 quokkas
  6 bats
  4 frilled lizards
  5 rats
141 creatures vanquished.

Vanquished Creatures (others)
  4 toadstools (D:4)
4 creatures vanquished.

Grand Total: 145 creatures vanquished

Notes
Turn   | Place    | Note
-------+----------+-------------------------------------------
     0 | D:1      | M4edhros the Octopode Monk began the quest for the Orb.
     0 | D:1      | Reached XP level 1. HP: 16/16 MP: 1/1
   165 | D:2      | Reached XP level 2. HP: 21/21 MP: 2/2
   245 | D:4      | Found Irozyege's Jewellery Shop.
   246 | D:4      | Found Lufelis's Book Boutique.
   321 | D:4      | Noticed Ijyb
   337 | D:4      | Killed Ijyb
   338 | D:4      | Reached skill level 4 in Unarmed Combat
   338 | D:4      | Reached XP level 3. HP: 15/26 MP: 3/3
   398 | D:4      | Found Wuetic's Assorted Antiques.
   469 | D:4      | Reached XP level 4. HP: 14/31 MP: 4/4
   499 | D:4      | Identified the +6 whip of Doom {pain, rF+}
   613 | D:5      | Entered Level 5 of the Dungeon
   633 | D:5      | Found a runed translucent door.
   652 | D:5      | Noticed a phantom
   653 | D:5      | Noticed a scorpion
   658 | D:5      | Killed a scorpion
   659 | D:5      | Reached skill level 5 in Unarmed Combat
   659 | D:5      | Reached XP level 5. HP: 36/36 MP: 5/5
   659 | D:5      | Killed a phantom
   660 | D:5      | Reached skill level 6 in Unarmed Combat
   977 | D:4      | Found a staircase to the Ecumenical Temple.
  1026 | Temple   | Entered the Ecumenical Temple
  1135 | Temple   | Became a worshipper of Cheibriados the Contemplative
  1135 | Temple   | Reached * piety under Cheibriados
  1135 | Temple   | Reached ** piety under Cheibriados
  1355 | D:1      | Reached XP level 6. HP: 41/42 MP: 6/6
  1425 | D:1      | Identified a scroll of acquirement
  1425 | D:1      | Acquired 912 gold pieces
  1580 | D:1      | You fall into a shaft and drop 1 floor!
  1857 | D:3      | Noticed Grinder
  1942 | D:4      | Bought a +4 ring of protection for 504 gold pieces
  1942 | D:4      | Bought an amulet of regeneration for 420 gold pieces
  2158 | D:3      | Reached *** piety under Cheibriados
  2164 | D:3      | Found a shimmering blue altar of Sif Muna.
  2371 | D:3      | Reached skill level 7 in Unarmed Combat
  2539 | D:5      | Found Xax Xeag's Specific Store.
  2541 | D:5      | Found Ympuedeu's General Store.
  2544 | D:5      | Reached XP level 7. HP: 46/46 MP: 7/7
  2580 | D:5      | Reached skill level 8 in Unarmed Combat
  2621 | D:5      | Found a glowing silver altar of Zin.
  2621 | D:5      | Found a glowing golden altar of the Shining One.
  2621 | D:5      | Found a white marble altar of Elyvilon.
  2714 | D:5      | Reached **** piety under Cheibriados
  2759 | D:5      | Reached skill level 9 in Unarmed Combat
  2954 | D:5      | Reached XP level 8. HP: 52/52 MP: 8/8
  3038 | D:6      | Found a blossoming altar of Fedhas.
  3105 | D:6      | Learned a level 3 spell: Summon Guardian Golem
  3143 | D:6      | Reached skill level 10 in Unarmed Combat
  3143 | D:6      | Reached skill level 1 in Summonings
  3153 | D:6      | Found a basalt altar of Yredelemnul.
  3273 | D:6      | Found a hide-covered altar of Uskayaw.
  3325 | D:6      | Gained mutation: You are dopey. (Int -2) [potion of
                  | mutation]
  3415 | D:6      | Reached skill level 5 in Summonings
  3420 | D:6      | Reached ***** piety under Cheibriados
  3421 | D:6      | Reached XP level 9. HP: 56/56 MP: 9/9
  3506 | D:7      | Found an ancient bone altar of Kikubaaqudgha.
  3509 | D:7      | Found an opulent altar of Gozag.
  3726 | D:7      | Reached skill level 1 in Hexes
  3759 | D:7      | Slain by a wyvern

Illustrated notes

Levels and vault maps discovered:
D:1:      amcnicky_arrival_gap_in_the_tavern_cellar, layout_basic,
          dreamdust_princess_bridge
D:2:      layout_basic, due_unseen_surprise
D:3:      layout_basic, mainiacjoe_overflow_brackets, nicolae_hexahallways,
          uniq_grinder
D:4:      cheibrodos_fertilizer, layout_basic, temple_doors_e, serial_shops,
          nicolae_diamond_shop, shop, shop, uniq_ijyb
D:5:      layout_loops_ring, good_gods_mini_temple, serial_park_tiny_1,
          nicolae_specific_store, lightli_church_of_beogh
D:6:      layout_basic, led_xom_imps, kennysheep_little_box,
          mainiacjoe_overflow_catwalk, nicolae_yredelemnul_corpse_copse,
          chequers_arboretum, minmay_misc_feat_nine_boxes
D:7:      lemuel_ratsnest, layout_loops_corners, grunt_temple_overflow_open
Temple:   nicolae_temple_superstar

Skill      XL: |  1  2  3  4  5  6  7  8  9 |
---------------+----------------------------+-----
Unarmed Combat | 4 5 6 7 9 10 | 10.0
Summonings     | 5 6 |  6.1
Hexes          | 1 |  1.2
Fighting       | |  3.3
Dodging        | |  3.0
Stealth        | |  2.6

Action                     |  1- 3 |  4- 6 |  7- 9 || total
---------------------------+-------+-------+-------++-------
  Melee: Unarmed           |    41 |   110 |   151 ||   302
         Constrict         |     8 |    34 |    40 ||    82
         Tentacles         |     8 |    19 |    48 ||    75
         Punch             |     2 |     8 |    15 ||    25
   Cast: Summon Guardian G |       |       |     2 ||     2
  Evoke: Wand              |       |     3 |       ||     3
    Use: Potion            |     2 |     3 |     3 ||     8
         Scroll            |     1 |    12 |     2 ||    15
   Stab: Sleeping          |     5 |     9 |     7 ||    21
         Distracted        |       |       |     1 ||     1
 Armour: Skin              |       |    18 |    27 ||    45
  Dodge: Dodged            |    18 |    89 |    98 ||   205

Table legend: (Time is in decaauts)
 A = Elapsed time spent in this place.
 B = Non-inter-level travel time spent in this place.
 C = Inter-level travel time spent in this place.
 D = Time resting spent in this place.
 E = Time spent auto-exploring this place.
 F = Levels seen in this place.
 G = Mean time per level.
                   A        B        C        D        E       F      G
               +--------+--------+--------+--------+--------+-----+--------+
         Total |   5035 |   4475 |    560 |     17 |   1147 |   8 |  629.4 |
       Dungeon |   4891 |   4367 |    524 |     17 |   1147 |   7 |  698.7 |
        Temple |    144 |    108 |     36 |      0 |      0 |   1 |  144.0 |
               +--------+--------+--------+--------+--------+-----+--------+

Top non-repeatable levels by time:
     D:5: 910 daAuts
     D:4: 853 daAuts
     D:3: 847 daAuts
     D:6: 725 daAuts
     D:1: 560 daAuts
     D:2: 526 daAuts
     D:7: 467 daAuts
  Temple: 144 daAuts
